 Dungeon Crawl Stone Soup version 0.24.0-125-gc4c63601f3 (webtiles) character file.

Game seed: 2834877719363288849, levelgen mode: deterministic

252 Divind the Chopper (level 6, -7/53 HPs)
             Began as a Hill Orc Monk on Mar 5, 2020.
             Mangled by a worm (8 damage)
             ... on level 3 of the Dungeon.
             The game lasted 00:06:40 (2695 turns).

Divind the Chopper (Hill Orc Monk)                  Turns: 2695, Time: 00:06:40

Health: -7/53      AC:  7    Str: 16    XL:     6   Next: 14%
Magic:  6/6        EV: 12    Int: 10    God:
Gold:   144        SH:  0    Dex: 13    Spells: 5/5 levels left

rFire    . . .     SeeInvis .   a - +0 hand axe
rCold    . . .     Gourm    .   (no shield)
rNeg     . . .     Faith    .   g - +0 ring mail
rPois    .         Spirit   .   d - +0 helmet
rElec    .         Reflect  .   (no cloak)
rCorr    .         Harm     .   (no gloves)
MR       .....                  m - +0 pair of boots
Stlth    +.........             e - amulet of rage
HPRegen  0.17/turn              (no ring)
MPRegen  0.10/turn              (no ring)

@: berserk cooldown, slowed, very slow
A: wild magic 2
a: Evoke Berserk Rage


You were on level 3 of the Dungeon.
You were very hungry.

You visited 1 branch of the dungeon, and saw 3 of its levels.

You collected 144 gold pieces.

Inventory:

Hand Weapons
 a - a +0 hand axe (weapon)
Armour
 b - a +0 robe
 d - a +0 helmet (worn)
 g - a +0 ring mail (worn)
 m - a +0 pair of boots (worn)
Jewellery
 e - an amulet of rage (around neck)
Wands
 j - a wand of random effects (13)
Scrolls
 f - a scroll of identify
 k - a scroll of amnesia {unknown}
 l - 3 scrolls of teleportation
 n - 2 scrolls of noise {unknown}
 o - a scroll of remove curse {unknown}
Potions
 h - a potion of curing
 i - 3 potions of agility
Comestibles
 c - 2 rations
 p - a chunk of flesh


   Skills:
 + Level 4.7 Fighting
 + Level 6.1 Axes
 * Level 2.8 Armour
 + Level 3.4 Dodging
 - Level 1.5 Stealth


You had 5 spell levels left.
You didn't know any spells.
Your spell library contained the following spells:

 Spells                   Type           Power        Failure   Level  Hunger
 Magic Dart               Conj           #...         73%         1    ##.....
 Blink                    Tloc           N/A          85%         2    ###....
 Call Imp                 Summ           #.......     85%         2    ###....
 Slow                     Hex            #.......     85%         2    ###....
 Conjure Flame            Conj/Fire      #.......     97%         3    ####...
 Mephitic Cloud           Conj/Pois/Air  #.......     97%         3    ####...


Dungeon Overview and Level Annotations

Branches:
Dungeon (3/15)

Altars:
Elyvilon

Annotations:
D:3 Terence


Innate Abilities, Weirdness & Mutations

Your spells are harder to cast, but more powerful.


Message History

You closely miss Terence.
Terence is heavily wounded.
You barely miss the worm. The worm bites you.
* * * LOW HITPOINT WARNING * * *
Terence hits you with a +0 flail.
* * * LOW HITPOINT WARNING * * *
You hit Terence but do no damage.
Terence is heavily wounded.
You hit the worm. Terence hits you but does no damage. The worm misses you.
You hit Terence.
Terence is heavily wounded.
You barely miss the worm. Terence hits you with a +0 flail.
* * * LOW HITPOINT WARNING * * *
The worm bites you!
* * * LOW HITPOINT WARNING * * *
You hit the worm.
The worm is lightly wounded.
You hit Terence but do no damage. Terence closely misses you.
The worm bites you!
You die...

........).)......
####....#######.#
#.##.#### #.# #
#####.##....# #.#
#.#####.... #.##.## #..
.........#######...#####
.>......÷)...#≈≈†..≈≈#..
.......?.###.#≈..♣..≈###
......†@.# #......r...##
......@w.# #...♣._.♣...#
.........# ##........(..
.........# ##≈r.♣..≈###
.........# #≈≈...≈≈# #
.........# ###...#####
.....[...# #.......##
.........# ###.#####.##
#.......#.#


You could see Terence and a worm.

Vanquished Creatures
  A phantom (D:3)
  2 orc wizards (D:3)
  Natasha (D:3)
  2 adders (D:2)
  An ooze (D:1)
  A worm (D:2)
  2 dart slugs (D:1)
  3 orcs (D:3)
  2 giant cockroaches
  6 goblins
  4 hobgoblins
  4 jackals (D:3)
  5 kobolds
  A quokka (D:2)
  A ball python (D:1)
  8 bats
  4 frilled lizards
  10 rats
58 creatures vanquished.

Notes
Turn   | Place    | Note
-------+----------+-------------------------------------------
     0 | D:1      | Divind the Hill Orc Monk began the quest for the Orb.
     0 | D:1      | Reached XP level 1. HP: 19/19 MP: 1/1
   214 | D:1      | Reached XP level 2. HP: 15/27 MP: 2/2
   507 | D:1      | Reached skill level 1 in Armour
   552 | D:1      | Reached XP level 3. HP: 33/33 MP: 3/3
  1126 | D:2      | Reached XP level 4. HP: 28/40 MP: 4/4
  1159 | D:2      | Gained mutation: Your spells are a little harder to cast,
                  | but a little more powerful. [potion of mutation]
  1159 | D:2      | Gained mutation: Your spells are harder to cast, but more
                  | powerful. [potion of mutation]
  1677 | D:3      | Found a white marble altar of Elyvilon.
  1762 | D:3      | Noticed a phantom
  1828 | D:3      | Killed a phantom
  1828 | D:3      | Reached skill level 5 in Axes
  1828 | D:3      | Reached XP level 5. HP: 14/47 MP: 5/5
  2647 | D:3      | Noticed Natasha
  2659 | D:3      | Killed Natasha
  2659 | D:3      | Reached skill level 6 in Axes
  2659 | D:3      | Reached XP level 6. HP: 53/53 MP: 6/6
  2678 | D:3      | Noticed Terence
  2694 | D:3      | HP: 1/53 [worm (10)]
  2695 | D:3      | Mangled by a worm

Levels and vault maps discovered:
D:1:      saegor_arrival_simple_d, layout_loops_ring
D:2:      layout_loops_cross, serial_rivers, chequers_serial_rivers_micro_d,
          chequers_serial_rivers_small_a, chequers_serial_rivers_small_a,
          chequers_serial_rivers_small_b, chequers_serial_rivers_small_b
D:3:      layout_basic, elyvilon_altar_4, uniq_natasha, uniq_terence

Skill      XL: |  1  2  3  4  5 |
---------------+----------------+-----
Fighting       | 4 |  4.7
Armour         | 1 2 |  2.8
Dodging        | 3 |  3.4
Axes           | 5 6 |  6.1
Stealth        | |  1.5

Action                   |  1- 3 |  4- 6 || total
-------------------------+-------+-------++-------
Melee: Hand axe          |   123 |   131 ||   254
 Abil: Evoke Berserk Rag |       |     1 ||     1
  Use: Scroll            |       |     4 ||     4
       Potion            |       |     3 ||     3
 Stab: Sleeping          |     1 |       ||     1
  Eat: Ration            |     1 |       ||     1
       Chunk             |       |     2 ||     2
Armor: Robe              |    40 |       ||    40
       Ring mail         |       |    31 ||    31
Dodge: Dodged            |    98 |    71 ||   169
